 Dungeon Crawl Stone Soup version 0.17-a0-1882-g750edc8 (webtiles) character file.

2034 barthelm the Ducker (level 9, -5/56 HPs)
             Began as a Gargoyle Berserker on Sept 22, 2015.
             Was an Elder of Trog.
             Slain by an orc warrior
             ... wielding a +0 short sword
              (9 damage)
             ... on level 7 of the Dungeon.
             The game lasted 00:25:34 (5156 turns).

barthelm the Ducker (Gargoyle Berserker)            Turns: 5156, Time: 00:25:34

Health: -5/56      AC: 12    Str: 25    XL:     9   Next: 24%
Magic:  9/9        EV: 14    Int:  7    God:    Trog [****..]
Gold:   291        SH:  0    Dex:  9    Spells: 0 memorised, 8 levels left

rFire  . . .     SeeInvis .     a - +0 mace
rCold  . . .     Rnd*Rage +     b - +0 animal skin
rNeg   + . .     SustAt   .     (no shield)
rPois  ∞         Gourm    .     B - +0 helmet
rElec  +         Spirit   .     u - +0 cloak
rCorr  .         Warding  .     (no gloves)
rMut   .         Stasis   .     y - +0 pair of boots
MR     .....                    s - amulet of regeneration
Stlth  +.........               A - +1 ring of protection
                                k - +3 ring of slaying

@: exhausted, very slightly contaminated, slowed, very slow, not resistant to
hostile enchantments, very unstealthy
A: berserk 1, negative energy resistance 1, electricity resistance, unbreathing,
petrification resistance, rot immunity, AC +5
a: Burn Spellbooks, Berserk, Trog's Hand, Brothers in Arms, Renounce Religion


You were on level 7 of the Dungeon.
You worshipped Trog.
Trog was greatly pleased with you.
You were hungry.

You visited 1 branch of the dungeon, and saw 7 of its levels.

You collected 291 gold pieces.

Inventory:

Hand weapons
 a - a +0 mace (weapon)
Missiles
 j - 8 tomahawks (quivered)
Armour
 b - a +0 animal skin (worn)
 u - a +0 cloak (worn)
 y - a +0 pair of boots (worn)
 B - a +0 helmet (worn)
Jewellery
 k - a +3 ring of slaying (left hand)
 s - an amulet of regeneration (around neck)
 z - an uncursed ring of flight
 A - a +1 ring of protection (right hand)
 G - an uncursed amulet of stasis
Magical devices
 r - a wand of teleportation (0)
Scrolls
 d - a scroll of enchant armour {unknown}
 e - a scroll of immolation {unknown}
 f - 2 scrolls of random uselessness {unknown}
 h - 4 scrolls of teleportation {unknown}
 i - 3 scrolls of remove curse
 l - a scroll of fear {unknown}
 m - 2 scrolls of amnesia {unknown}
 o - 2 scrolls of fog {unknown}
 p - a scroll of magic mapping {unknown}
 t - a scroll of enchant weapon {unknown}
 w - a scroll of blinking {unknown}
 x - a scroll of noise {unknown}
 E - a scroll of identify
Potions
 g - a potion of haste
 q - 2 potions of curing
 v - a potion of might {unknown}
 C - a potion of flight {unknown}
Comestibles
 c - 4 bread rations
 n - 3 meat rations
 D - a beef jerky
 F - 3 chunks of flesh


   Skills:
 + Level 6.6 Fighting
 + Level 5.7 Maces & Flails
 * Level 6.0 Armour
 + Level 6.7 Dodging
 - Level 0.5 Stealth


You had 8 spell levels left.
You didn't know any spells.

Dungeon Overview and Level Annotations

Branches:
Dungeon (7/15)             Temple (0/1) D:5

Altars:
Gozag
Makhleb
Nemelex Xobeh
Okawaru
Qazlal
Ru
Trog
Vehumet
Xom
The Shining One


Innate Abilities, Weirdness & Mutations

You are resistant to torment.
Your stone body is resilient (AC +5).
You are immune to poison.
You resist negative energy.
You are resistant to electric shocks.
You can survive without breathing.
You are immune to petrification.
You are immune to rotting.
You tend to lose your temper in combat.


Message History

The gnoll hits you from afar with a spear of flaming!
* * * LOW HITPOINT WARNING * * *
The gnoll burns you.
* * * LOW HITPOINT WARNING * * *
The gnoll hits you but does no damage.
The sky beast flickers out of sight!
Deactivating autopickup; reactivate with Ctrl-A.
The orc warrior barely misses you.
The orc warrior hits you with a short sword!
* * * LOW HITPOINT WARNING * * *
Zapping:
r - a wand of teleportation (will waste charges)
Press: ? - help, Shift-Dir - straight line Nothing appears to happen.
Evoking this partially-identified wand wasted a few charges.
The orc warrior hits you but does no damage.
The gnoll completely misses you. The orc warrior closely misses you.
Zapping:
r - a wand of teleportation {zapped: 2} (will waste charges)
Press: ? - help, Shift-Dir - straight line Nothing appears to happen.
The gnoll hits you but does no damage.
The orc warrior hits you with a short sword!
You die...

#..# ##.#####..>##.... #..##
##.........####... ..##
#..####..##......# #... ....
#####.g##>.####.....# #... ....
.......)†g.## #.....# #..# ....
.......###.## #..#..####..# ....
#####.# #go# #..##........ #..##
#<.# ##o# #..##...####. #...#
##.## #@## #...#.### ##
#.†###..# #..# #..... ##
##..##..# ##.###....# ##.
#......# #..#.....## ##..
##....########..#......####..)
#......................##...#
#.......#...................##
..........####....).##..........
.....##....#
#......##.....#####.


You could see an orc warrior, 2 gnolls and an orc.

Vanquished Creatures
  A black bear (D:7)
  An ice beast (D:6)
  A phantom (D:4)
  An ogre (D:4)
  4 giant frogs
  A gnoll sergeant (D:7)
  2 scorpions
  3 killer bees (D:5)
  3 wights (D:6)
  A vampire bat (D:3)
  4 crimson imps (D:5)
  2 quasits
  2 orc priests (D:4)
  A giant frog skeleton (D:5)
  A jelly (D:5)
  6 orc wizards
  2 iguanas
  4 worker ants
  A worker ant zombie (D:6)
  13 gnolls
  8 adders
  2 oozes (D:1)
  An adder zombie (D:6)
  4 worms
  4 giant geckos
  16 orcs
  6 giant cockroaches
  8 goblins
  5 hobgoblins
  3 jackals (D:1)
  2 kobolds
  4 quokkas
  A ball python (D:1)
  17 bats
  2 giant newts
  A quokka skeleton (D:6)
  3 rats
141 creatures vanquished.

Vanquished Creatures (others)
  A worker ant (D:5)
  An orc (D:5)
2 creatures vanquished.

Grand Total: 143 creatures vanquished

Notes
Turn   | Place    | Note
--------------------------------------------------------------
     0 | D:1      | barthelm the Gargoyle Berserker began the quest for the Orb.
     0 | D:1      | Reached XP level 1. HP: 14/14 MP: 1/1
   316 | D:1      | Reached XP level 2. HP: 17/20 MP: 2/2
  1157 | D:1      | Reached XP level 3. HP: 14/24 MP: 3/3
  1822 | D:2      | Reached skill level 4 in Fighting
  1826 | D:2      | Found a sparkling altar of Nemelex Xobeh.
  1874 | D:2      | Found an iron altar of Okawaru.
  1901 | D:2      | Acquired Trog's second power
  1924 | D:2      | Reached XP level 4. HP: 16/29 MP: 4/4
  2226 | D:3      | Found a shimmering altar of Xom.
  2280 | D:3      | Found an opulent altar of Gozag.
  2356 | D:3      | Found a bloodstained altar of Trog.
  2700 | D:3      | Reached XP level 5. HP: 26/33 MP: 5/5
  3034 | D:4      | Found a burning altar of Makhleb.
  3053 | D:4      | Noticed an ogre
  3059 | D:4      | Killed an ogre
  3059 | D:4      | Reached XP level 6. HP: 39/39 MP: 6/6
  3324 | D:4      | Found a stormy altar of Qazlal.
  3332 | D:4      | Reached XP level 7. HP: 41/44 MP: 7/7
  3391 | D:4      | Noticed a phantom
  3414 | D:4      | Killed a phantom
  3720 | D:5      | Entered Level 5 of the Dungeon
  3739 | D:5      | Found a shimmering altar of Xom.
  3750 | D:5      | Reached skill level 5 in Fighting
  3938 | D:5      | Reached skill level 5 in Dodging
  4046 | D:5      | Reached XP level 8. HP: 42/50 MP: 8/8
  4117 | D:5      | Found a staircase to the Ecumenical Temple.
  4168 | D:5      | Found a sacrificial altar of Ru.
  4399 | D:5      | Acquired Trog's third power
  4554 | D:6      | Found a radiant altar of Vehumet.
  4563 | D:6      | Reached skill level 5 in Armour
  4567 | D:6      | Reached skill level 5 in Maces & Flails
  4623 | D:6      | Reached skill level 6 in Fighting
  4869 | D:6      | Found a glowing golden altar of the Shining One.
  4980 | D:7      | Reached XP level 9. HP: 40/56 MP: 9/9
  5060 | D:7      | Gained mutation: You tend to lose your temper in combat. [mutagenic glow]
  5152 | D:7      | HP: 1/56 [orc warrior/short sword (15)]
  5156 | D:7      | Slain by an orc warrior

Vault maps used:
D:1:      minmay_arrival_nine_rooms
D:2:      lemuel_doored_altar, okawaru_ov_weapons_minmay, first_bread
D:3:      lemuel_crystal_altar, grunt_gozag_statues, bloody_trog,
          roderic_batcave
D:4:      nicolae_overflow_crystal_walls, old_standard_altar, minivault_19
D:5:      old_standard_altar, minmay_temple_entry_metal_lava,
          xom_confusion_cloud
D:6:      vehumet_crystals, tso_altar
D:7:      kennysheep_mini

Action                   |  1- 3 |  4- 6 |  7- 9 || total
-------------------------+-------+-------+-------++-------
Melee: Mace              |   111 |   131 |   294 ||   536
Throw: Tomahawk          |     2 |     4 |       ||     6
Invok: Berserk           |       |     2 |     8 ||    10
       Trog's Hand       |       |       |     1 ||     1
Evoke: Wand              |       |       |     1 ||     1
  Use: Scroll            |       |     5 |     2 ||     7
 Stab: Sleeping          |       |     2 |     2 ||     4
  Eat: Chunk             |     3 |     7 |    11 ||    21
       Bread ration      |       |       |     1 ||     1
